molly, chaotic female human Rogue ---- |<..--- ------- |.....---|. |.....| --..|....|.- |.._..| --.|-.....--- |.....| ---.........| ---- ---|--- --.|....| .----...-- |.| - --..|....|.....---- |.| ------ |..|.............---.-- |%%%%| --......---...........---- |....| |........ ...|...........-- ---|-- ---....-------...---......- .. -.---.. |...-|..| --...|..---...| ..| .. .........|..--|..| -.....|-....|...... ..%............-|---+-----u@--..........-- -----.....{....----..............)|...`.......| |............. --|--.---------.........--..| ||-----....... |...|.|.(((| --....)..----- |...| -..--- |...|.-.(((| ---...--- |...| --- --- --|.(((| ---- ----- ----- molly the Rogue Experience level: 7 Strength: 14 Dexterity: 17 Constitution: 18 Intelligence: 11 Wisdom: 9 Charisma: 7 Health: 0(61) Energy: 28(28) Def: 9 Gold: 0 Moves: 3560 Dungeon seed: GcZyqBjYWk6rCwLC Game ID: molly_1521469089 Your Inventory: Weapons a - an uncursed +0 dagger named Laceration (weapon in hand) b - 12 uncursed +0 daggers (in quiver) W - 5 uncursed +0 daggers X - an uncursed +0 elven spear Armor e - an uncursed burnt +1 leather armor (being worn) r - a blessed +1 cloak of displacement (being worn) y - an uncursed +0 dwarvish roundshield (being worn) z - an uncursed +1 pair of iron shoes (being worn) Comestibles m - an uncursed carrot p - an uncursed cream pie Potions U - an uncursed potion of speed Tools k - an uncursed lock pick A - an uncursed partly used wax candle (0:322) B - an uncursed bag of holding I - 6 uncursed tallow candles (0:200) M - an uncursed sack V - an uncursed wax candle (0:400) Contents of the bag of holding: 261 gold pieces an uncursed amulet of life saving 5 uncursed +0 daggers a cursed -1 dagger 13 blessed +1 darts 6 uncursed +0 darts a blessed +0 orcish dagger a cursed -1 orcish dagger an uncursed +0 short sword an uncursed +0 dwarvish cloak an uncursed +0 dwarvish cloak an uncursed +0 dwarvish cloak an uncursed +0 dwarvish cloak a cursed +0 dwarvish cloak a cursed -1 dwarvish cloak a cursed +0 dwarvish iron helm an uncursed +0 pair of iron shoes an uncursed scroll of enchant weapon an uncursed scroll of identify a cursed scroll of light a blessed potion of extra healing an uncursed potion of healing an uncursed potion of sickness a potion of unholy water an uncursed potion of water an uncursed flint stone an uncursed worthless piece of black glass an uncursed worthless piece of green glass an uncursed worthless piece of violet glass 3 uncursed worthless pieces of white glass an uncursed worthless piece of yellowish brown glass Spells and supernatural/magical abilities: Name Level Category Fail Memory W - pray for help -- divine ? -- Your skills at the end: Fighting Skills Weapon Skills dagger [Skilled] short sword [Basic] Spellcasting Skills Final Attributes: You were piously aligned. You were displaced. You were stealthy. You are dead. Vanquished creatures: a wolf 3 gnome kings a gnome mummy an ape a bugbear 2 shriekers 6 gnome lords 4 gnomish wizards a kobold mummy a ghoul a little dog a floating eye 2 kittens 7 dwarves a kobold lord a rothe a giant bat an orc zombie 2 dwarf zombies a werejackal an iguana 3 hobbits a hobgoblin a giant rat 3 cave spiders a yellow mold a red mold 20 gnomes a gecko 10 jackals a kobold 2 goblins 3 sewer rats 2 grid bugs 4 lichens 2 kobold zombies 3 newts 98 creatures vanquished. Voluntary challenges: You had been an atheist until turn 2858. You used a wielded weapon 171 times, starting on turn 2. You read items or engraved 171 times, starting on turn 1298. You never genocided any monsters. You never polymorphed an object. You never changed form. You used no wishes. You never split a pudding. You wrote Elbereth's name 164 times, starting on turn 1299. You never violated your personal moral code. Dungeon overview: The Dungeons of Doom: levels 1 to 5 Level 1 some fountains a long staircase Level 2 Level 3 a fountain Level 4 stairs to The Gnomish Mines Level 5 The Gnomish Mines: levels 5 to 7 Level 5 stairs to The Dungeons of Doom Level 6 Level 7 <- You were here some shops, a temple to Mog, a fountain History has recorded: On T:1 you entered the Dungeons of Doom to retrieve the Amulet of Yendor! On T:45 you reached level 2 of The Dungeons of Doom. On T:110 you reached level 3 of The Dungeons of Doom. On T:172 you advanced to experience level 2. On T:563 you reached level 4 of The Dungeons of Doom. On T:1072 you reached level 5 of The Dungeons of Doom. On T:1090 you advanced to experience level 3. On T:1295 you reached level 1 of The Gnomish Mines. On T:1596 you advanced to experience level 4. On T:1815 you advanced to experience level 5. On T:2169 you reached level 2 of The Gnomish Mines. On T:2251 you advanced to experience level 6. On T:2291 you reached level 3 of The Gnomish Mines. On T:3378 you advanced to experience level 7. Score breakdown: Gold: 261 ( 8226 points) Experience: 7 levels (13645 points) Exploration: 7 levels ( 14.58%) (10718 points) Discoveries: 5 items ( 1.68%) ( 3885 points) Valuables value: (no points given unless you survive) Artifact value: 0 ( 0 points) Variety of kills: 37 monsters ( 9.71%) ( 9348 points) Turncount: 3560 turns ( -852 points) Survival: died (score multiplied by 80%) Total score: 35976 Latest messages: The dwarf lord hits! There are a few objects here. W - 5 daggers. X - a runed spear. The dwarf lord thrusts his broad short sword. The dwarf lord hits! The dwarf lord thrusts his broad short sword. The dwarf lord hits! You write in the dust with your fingers. You add to the writing in the dust with your fingers. The dwarf lord turns to flee! You add to the writing in the dust with your fingers. It is missed. You are hit by a dagger. You hear the howling of the CwnAnnwn... The white unicorn butts! The white unicorn kicks! The white unicorn butts! You die... The sack is empty. The sack is empty. Final status: Goodbye molly the Rogue, killed by a white unicorn... You died in The Gnomish Mines on dungeon level 7 with 35976 points, and 261 pieces of gold, after 3560 moves. You were level 7 with a maximum of 61 hit points when you died.